 Dungeon Crawl Stone Soup version 0.30-a0-358-g0d69a1922f (webtiles) character file.

Game seed: 15599710220178297856

28211 zazu2006 the Covert (level 13, 0/115 HPs)
             Began as a Naga Hedge Wizard on Oct 11, 2022.
             Was an Elder of Vehumet.
             Slain by a four-headed hydra (9 damage)
             ... on level 3 of the Lair of Beasts on Nov 9, 2022.
             The game lasted 00:42:02 (17485 turns).

zazu2006 the Covert (Naga Hedge Wizard)            Turns: 17485, Time: 00:42:02

Health: 0/115      AC:  9    Str: 20    XL:     13   Next: 37%
Magic:  26/26      EV: 12    Int: 17    God:    Vehumet [****..]
Gold:   851        SH:  0    Dex: 12    Spells: 16/31 levels left

rFire   . . .      SeeInvis +    K - +1 scimitar (flame)
rCold   . . .      Faith    .    (no shield)
rNeg    + . .      Spirit   .    z - +1 robe {rN+}
rPois   +          Reflect  .    q - +0 helmet
rElec   .          Harm     .    (no cloak)
rCorr   .          Rampage  .    G - +1 pair of gloves
Will    +....                    (no barding)
Stlth   ++++++....               (no amulet)
HPRegen 0.39/turn                I - +4 ring of slaying
MPRegen 0.20/turn                v - +6 ring of strength

@: very slow
A: AC +4, large, see invisible, deformed body, poison resistance, slowness 2,
spit poison 1, naga tail 2
a: Spit Poison, Renounce Religion


You were on level 3 of the Lair of Beasts.
You worshipped Vehumet.
Vehumet was greatly pleased with you.
You visited 3 branches of the dungeon, and saw 13 of its levels.

You collected 851 gold pieces.

Inventory:

Hand Weapons
 b - a +3 falchion of freezing
 d - a +4 short sword of venom
 K - a +1 scimitar of flaming (weapon)
 T - the +7 great mace "Undeadhunter" {disrupt, rN+}
   (You found it on level 3 of the Lair of Beasts)

   It inflicts significantly more damage against the undead.
   rN:        It protects you from negative energy.
Missiles
 a - 2 throwing nets
Armour
 q - a +0 helmet (worn)
 z - a +1 robe of positive energy (worn)
 G - a +1 pair of gloves (worn)
 J - a +0 buckler
Jewellery
 g - an amulet of faith
 n - a ring of flight
 v - a +6 ring of strength (right hand)
 F - a +6 ring of strength
 I - a +4 ring of slaying (left hand)
 N - a ring of protection from fire
Wands
 c - a wand of light (7)
 y - a wand of roots (1)
 O - a wand of charming (6)
 P - a wand of mindburst (6)
Scrolls
 h - 2 scrolls of summoning {unknown}
 i - 2 scrolls of poison {unknown}
 k - 5 scrolls of teleportation
 m - a scroll of noise {unknown}
 p - 8 scrolls of identify
 t - 2 scrolls of fear {unknown}
 w - a scroll of butterflies {unknown}
 x - 4 scrolls of amnesia
 E - 2 scrolls of enchant weapon {unknown}
 H - a scroll of blinking {unknown}
 L - 3 scrolls of enchant armour {unknown}
 M - a scroll of torment {unknown}
 R - a scroll of vulnerability {unknown}
 S - a scroll of immolation {unknown}
Potions
 e - 8 potions of curing
 f - 3 potions of haste {unknown}
 j - 6 potions of degeneration {unknown}
 l - 5 potions of attraction {unknown}
 o - 3 potions of lignification {unknown}
 r - a potion of might {unknown}
 s - a potion of brilliance {unknown}
 u - 3 potions of ambrosia {unknown}
 A - a potion of magic
 B - 2 potions of mutation {unknown}
 C - a potion of flight {unknown}
 D - a potion of invisibility {unknown}
 Q - a potion of cancellation {unknown}


   Skills:
 + Level 7.2 Fighting
 + Level 3.2 Long Blades
 + Level 6.9 Dodging
 + Level 14.7 Stealth
 * Level 2.9 Shields
 + Level 9.6 Spellcasting
 + Level 8.7 Conjurations
 + Level 1.0 Summonings
 + Level 0.1 Necromancy
 + Level 1.2 Translocations
 + Level 5.2 Air Magic
 + Level 6.6 Earth Magic
 + Level 7.0 Poison Magic
 + Level 1.8 Evocations


You had 16 spell levels left.
You knew the following spells:

 Your Spells              Type           Power      Damage    Failure   Level
a - Magic Dart            Conj           100%       1d8       1%          1
b - Mephitic Cloud        Conj/Pois/Air  31%        N/A       1%          3
c - Cigotuvi's Dreadful   Necr/Pois/Air  44%        N/A       2%          2
d - Blink                 Tloc           24%        N/A       9%          2
e - Stone Arrow           Conj/Erth      68%        3d11      1%          3
f - Flame Wave            Conj/Fire      22%        2d8       4%          4

Your spell library contained the following spells:

 Spells                   Type           Power      Damage    Failure   Level
 Searing Ray              Conj           74%        2d7       1%          2
 Fulminant Prism          Conj/Hex       11%        3d8       4%          4
 Spider Form              Tmut/Pois      20%        N/A       6%          3
 Slow                     Hex            32%        N/A       9%          1
 Call Imp                 Summ           11%        N/A       9%          2
 Irradiate                Conj/Tmut      11%        3d15      11%         5
 Ensorcelled Hibernation  Hex/Ice        16%        N/A       14%         2
 Gell's Gravitas          Tloc           12%        N/A       16%         3
 Lesser Beckoning         Tloc           24%        N/A       16%         3
 Teleport Other           Tloc           12%        N/A       16%         3
 Animate Armour           Summ/Erth      42%        N/A       19%         4
 Portal Projectile        Hex/Tloc       20%        N/A       21%         3
 Tukima's Dance           Hex            8%         N/A       26%         3
 Anguish                  Hex/Necr       4%         N/A       65%         4
 Blade Hands              Tmut           4%         N/A       94%         5
 Lehudib's Crystal Spear  Conj/Erth      17%        10d5      99%         8
 Dragon Form              Tmut           4%         N/A       100%        7


Dungeon Overview and Level Annotations

Branches:
Dungeon (9/15)             Temple (1/1) D:6            Lair (3/5) D:8
  Swamp (0/4) Lair:3        Snake (0/4) Lair:2
    Orc: D:9-12

Altars:
Ashenzari
Cheibriados
Dithmenos
Elyvilon
Fedhas
Kikubaaqudgha
Makhleb
Nemelex Xobeh
Okawaru
Qazlal
Ru
Sif Muna
Trog
Uskayaw
Vehumet
Wu Jian
Yredelemnul
Zin
The Shining One

Shops:
D:2 (   D:4 (   D:7 (

Annotations:
D:8 2 transporters, themarg's ghost, novice AtFi
Temple 2 transporters


Innate Abilities, Weirdness & Mutations

Your serpentine skin is tough. (AC +4)
You have supernaturally acute eyesight. (SInv)
Armour fits poorly on your strangely shaped body.
Your system is resistant to poisons. (rPois)
You cover ground very slowly.
You can spit poison.
You can use your snake-like lower body to constrict enemies.


Message History

You hack one of the seven-headed hydra's heads off!
The flame cauterises the wound!
You hit the six-headed hydra. You burn the six-headed hydra.
The six-headed hydra is moderately wounded.
The six-headed hydra bites you but does no damage.
The six-headed hydra bites you.
The six-headed hydra closely misses you. x2
The six-headed hydra bites you. The six-headed hydra bites you!
The bullfrog swells and bulges.
The six-headed hydra bites you!
The six-headed hydra bites you but does no damage.
The six-headed hydra bites you. x2
The six-headed hydra bites you but does no damage. x2
You barely miss the six-headed hydra.
The six-headed hydra is moderately wounded.
The six-headed hydra closely misses you.
The six-headed hydra bites you but does no damage.
The six-headed hydra bites you.
The six-headed hydra closely misses you.
The six-headed hydra bites you. The six-headed hydra barely misses you.
Unknown command.
You lop one of the six-headed hydra's heads off!
The flame cauterises the wound!
You slash the five-headed hydra! You burn the five-headed hydra.
The five-headed hydra is heavily wounded.
The five-headed hydra bites you!
The five-headed hydra bites you but does no damage.
The five-headed hydra bites you. x3
* * * LOW HITPOINT WARNING * * *
Unknown command.
You hack one of the five-headed hydra's heads off!
The flame cauterises the wound!
You slash the four-headed hydra! You burn the four-headed hydra.
The four-headed hydra is heavily wounded.
The four-headed hydra misses you. The four-headed hydra bites you!
* * * LOW HITPOINT WARNING * * *
The four-headed hydra bites you!
* * * LOW HITPOINT WARNING * * *
The four-headed hydra bites you!
You die...

#.....# ♣♣♣♣♣♣♣.♣♣♣♣♣ #.....#
♣......♣..... #.....#
♣.~...###...~ #.....# ##+#
♣.....#.#..P. ##.....# #..
♣.....#.#.... #######P.....# #S.
♣............ .##.##.......#
#F###♣.###.....### .............#
#D#...♣#(...~....#
.............###@#.#♣.###.....###
###..........##..#.#♣............
#..#####P...##..#.#♣.....#.#....
##.# ##...##'##.#♣.....#}#....
#.# ##..#.....#♣.~...###.)P~ ##.#
#..#.♣♣♣.#♣......♣..... #..#
#..#.....#♣♣♣♣♣♣♣.♣♣♣♣♣ ##..##
#..####### #♣.♣# .....#
##..#♣♣.♣♣ ♣♣...♣♣


You could see a four-headed hydra, a black mamba and a bullfrog.

Vanquished Creatures
  2 hydras (Lair:3)
  Erica (D:8)
  A catoblepas (Lair:3)
  An alligator (Lair:3)
  A death yak (Lair:3)
  Urug (Lair:2)
  A swamp dragon (Lair:2)
  Pikel (D:5)
  A torpor snail (Lair:3)
  6 elephants
  4 black mambas (Lair:3)
  11 cane toads
  A guardian serpent (Lair:2)
  Maggie (D:7)
  4 rime drakes (Lair:3)
  9 komodo dragons
  5 polar bears
  A hornet (D:8)
  11 blink frogs
  Sigmund (D:5)
  27 yaks
  2 wyverns
  Eustachio (D:6)
  A basilisk (Lair:2)
  Duvessa (D:6)
  6 water moccasins
  6 orc warriors
  An ice beast (D:6)
  4 centaurs
  3 ogres
  A wolf (Lair:3)
  2 lemures (D:5)
  Blork the orc (D:4)
  6 bullfrogs
  3 kobold brigands
  2 necrophages
  4 scorpions
  13 wights
  Dowan (D:6)
  2 jellies
  A howler monkey (D:5)
  6 orc priests
  8 hounds
  5 iguanas
  An orc wizard (D:9)
  Robin (D:2)
  5 adders
  7 gnolls
  3 ufetubi
  A worm (D:4)
  39 orcs
  2 ball pythons (D:2)
  5 bats
  8 endoplasms
  3 giant cockroaches
  19 goblins
  9 hobgoblins
  3 jackals (D:3)
  27 kobolds
  2 quokkas
  4 frilled lizards
  A rat (D:1)
311 creatures vanquished.

Vanquished Creatures (others)
  A cane toad (Lair:3)
  25 fungi
  56 plants
82 creatures vanquished.

Grand Total: 393 creatures vanquished

Notes
Turn   | Place    | Note
-------+----------+-------------------------------------------
     0 | D:1      | zazu2006 the Naga Hedge Wizard began the quest for the Orb.
     0 | D:1      | Reached XP level 1. HP: 15/15 MP: 4/4
   336 | D:1      | Reached XP level 2. HP: 22/22 MP: 1/6
  1035 | D:2      | Found Nyxylef's Antique Weapon Emporium.
  1155 | D:2      | Reached XP level 3. HP: 28/28 MP: 5/8
  1642 | D:2      | Noticed Robin
  1644 | D:2      | Reached XP level 4. HP: 30/36 MP: 0/10
  1775 | D:2      | Killed Robin
  2217 | D:2      | Learned a level 3 spell: Mephitic Cloud
  2220 | D:2      | Learned a level 2 spell: Cigotuvi's Dreadful Rot
  2223 | D:2      | Learned a level 2 spell: Blink
  2618 | D:3      | Found a blossoming altar of Fedhas.
  3265 | D:3      | Noticed an orc warrior
  3265 | D:3      | Upgraded the game from 0.30-a0-242-g7bf8e6d787 to
                  | 0.30-a0-292-g0f741e3f8e
  3290 | D:3      | Upgraded the game from 0.30-a0-292-g0f741e3f8e to
                  | 0.30-a0-358-g0d69a1922f
  3292 | D:3      | Reached XP level 5. HP: 42/42 MP: 8/11
  3854 | D:4      | Noticed Blork the orc
  3879 | D:4      | Killed Blork the orc
  3880 | D:4      | Reached skill level 5 in Spellcasting
  3880 | D:4      | Reached skill level 1 in Poison Magic
  3880 | D:4      | Reached XP level 6. HP: 14/50 MP: 8/13
  4061 | D:4      | Found Lathor's Weapon Boutique.
  4314 | D:4      | Reached skill level 1 in Air Magic
  4430 | D:4      | Reached XP level 7. HP: 53/56 MP: 2/15
  4550 | D:4      | Found a sparkling altar of Nemelex Xobeh.
  4692 | D:4      | Reached skill level 1 in Fighting
  5524 | D:3      | Reached skill level 4 in Stealth
  5827 | D:5      | Entered Level 5 of the Dungeon
  6018 | D:5      | Reached XP level 8. HP: 35/67 MP: 14/17
  6209 | D:5      | Found a stormy altar of Qazlal.
  6451 | D:5      | Noticed Sigmund
  6476 | D:5      | Killed Sigmund
  6477 | D:5      | Reached skill level 5 in Stealth
  6941 | D:6      | Noticed Duvessa
  6941 | D:6      | Noticed Dowan
  6950 | D:6      | Killed Dowan
  6965 | D:6      | Killed Duvessa
  6966 | D:6      | Reached skill level 6 in Stealth
  6966 | D:6      | Noticed Pikel
  7266 | D:5      | Killed Pikel
  7267 | D:5      | Reached skill level 7 in Stealth
  7267 | D:5      | Reached skill level 5 in Conjurations
  7267 | D:5      | Reached XP level 9. HP: 37/76 MP: 16/18
  7982 | D:6      | Noticed Eustachio
  8026 | D:6      | Killed Eustachio
  8108 | D:6      | Found a staircase to the Ecumenical Temple.
  8138 | D:6      | Found a sacrificial altar of Ru.
  8166 | Temple   | Entered the Ecumenical Temple
  8166 | Temple   | Found a transporter.
  8166 | Temple   | Found a transporter.
  8168 | Temple   | Found a transporter.
  8168 | Temple   | Found a transporter.
  8178 | Temple   | Became a worshipper of Vehumet
  8478 | D:7      | Reached skill level 5 in Dodging
  8640 | D:7      | Found a glowing silver altar of Zin.
  8643 | D:7      | Found a burning altar of Makhleb.
  8644 | D:7      | Noticed a cacodemon
  8644 | D:7      | Noticed an angel
  8917 | D:7      | Noticed Maggie
  8940 | D:7      | Killed Maggie
  9135 | D:7      | Reached skill level 8 in Stealth
  9135 | D:7      | Reached XP level 10. HP: 86/86 MP: 16/20
  9176 | D:7      | Found Jimozxi's Antique Weapon Shop.
  9249 | D:7      | Learned a level 3 spell: Stone Arrow
  9530 | D:8      | Reached skill level 9 in Stealth
  9618 | D:8      | Found a staircase to the Lair.
  9631 | D:8      | Found a transporter.
  9631 | D:8      | Noticed themarg's ghost (novice AtFi)
  9643 | D:8      | Reached skill level 1 in Evocations
  9863 | D:8      | Found a transporter.
  9906 | D:8      | Reached * piety under Vehumet
  9906 | D:8      | Offered knowledge of Sandblast by Vehumet.
 10007 | D:8      | Noticed Erica
 10019 | D:8      | Killed Erica
 10020 | D:8      | Reached skill level 1 in Earth Magic
 10654 | D:8      | Reached ** piety under Vehumet
 10654 | D:8      | Offered knowledge of Static Discharge by Vehumet.
 11085 | D:9      | Reached skill level 10 in Stealth
 11216 | Lair:1   | Entered Level 1 of the Lair of Beasts
 11229 | Lair:1   | Reached skill level 5 in Fighting
 11402 | Lair:1   | Reached XP level 11. HP: 56/96 MP: 17/22
 11748 | Lair:1   | Offered knowledge of Poisonous Vapours by Vehumet.
 11749 | Lair:1   | Reached skill level 11 in Stealth
 12402 | Lair:1   | Reached skill level 5 in Poison Magic
 12856 | Lair:2   | Reached skill level 12 in Stealth
 12881 | Lair:2   | Reached *** piety under Vehumet
 13287 | Lair:2   | Reached skill level 5 in Earth Magic
 13529 | Lair:2   | Noticed Urug
 13541 | Lair:2   | Killed Urug
 13542 | Lair:2   | Reached XP level 12. HP: 106/106 MP: 24/24
 13654 | Lair:2   | Offered knowledge of Ignite Poison by Vehumet.
 13971 | Lair:2   | Found a staircase to the Snake Pit.
 14486 | Lair:3   | Reached skill level 13 in Stealth
 14776 | Lair:3   | Noticed a death yak
 14787 | Lair:3   | Noticed an eight-headed hydra
 14790 | Lair:3   | Killed a death yak
 14794 | Lair:3   | Noticed a six-headed hydra
 14799 | Lair:3   | Killed a six-headed hydra
 14863 | Lair:3   | Found a staircase to the Swamp.
 15014 | Lair:2   | Reached **** piety under Vehumet
 15095 | Lair:3   | Reached skill level 1 in Long Blades
 15100 | Lair:2   | HP: 5/106 [poisoned by a cane toad]
 15105 | Lair:2   | HP: 2/106 [poisoned by a cane toad]
 15619 | Lair:3   | Killed a three-headed hydra
 15633 | Lair:3   | Offered knowledge of Flame Wave by Vehumet.
 15762 | Lair:3   | Reached skill level 14 in Stealth
 15762 | Lair:3   | Reached skill level 5 in Air Magic
 15874 | Lair:3   | Found the +7 great mace "Undeadhunter" {disrupt, rN+}
 15910 | Lair:3   | Noticed a catoblepas
 15910 | Lair:3   | Noticed an alligator
 15924 | Lair:3   | Killed an alligator
 15925 | Lair:3   | Gained mutation: You can use your snake-like lower body to
                  | constrict enemies. [Naga growth]
 15925 | Lair:3   | Reached XP level 13. HP: 30/115 MP: 13/26
 15928 | Lair:3   | Reached skill level 1 in Shields
 17296 | Lair:3   | Learned a level 4 spell: Flame Wave
 17485 | Lair:3   | Slain by a four-headed hydra

Illustrated notes

Levels and vault maps discovered:
D:1:      erik_arrival_orb_chamber, layout_loops_ring
D:2:      layout_loops_ring, serial_shops, nicolae_shop_statue_plus, uniq_robin
D:3:      kennysheep_goblin_castle, layout_loops_corners,
          mainiacjoe_overflow_cross_hatched, minmay_misc_feat_x,
          minmay_misc_feat_rugged
D:4:      layout_loops_corners, lemuel_crystal_altar, serial_shops,
          nicolae_stop_n_shop_2, uniq_blork_the_orc
D:5:      layout_basic, nicolae_qazlal_general_emergency, uniq_sigmund
D:6:      layout_rooms, mainiacjoe_overflow_tiny_flanked, temple_green,
          uniq_duvessa, uniq_pikel, uniq_eustachio
D:7:      layout_basic, grunt_temple_overflow_order_and_chaos_2, serial_shops,
          nicolae_take_the_stairs, uniq_maggie
D:8:      layout_loops_ring, lair_entry_dummy, gammafunk_ghost_stat_death,
          special_room [special_room_orc], uniq_erica
D:9:      layout_roguey, serial_shops, kennysheep_little_box
Temple:   hellmonk_temple_divided_pantheon
Lair:1:   layout_chaotic_city
Lair:2:   layout_regular_city, minmay_snake_entry_spellcaster,
          nicolae_quartered_pool_impasse, minmay_stone_trees_small,
          chequers_serial_rivers_marsh, uniq_urug
Lair:3:   nzn_winding_woodlands_large [nzn_winding_woodlands_hourglass,
          nzn_winding_woodlands_5x15_zeroes,
          nzn_winding_woodlands_5x5_perimeter,
          nzn_winding_woodlands_center_triple_pond,
          nzn_winding_woodlands_15x15_five_gardens,
          nzn_winding_woodlands_center_lodge,
          nzn_winding_woodlands_5x5_checkerboard,
          nzn_winding_woodlands_5x15_sawtooth,
          nzn_winding_woodlands_5x5_open_star], layout_chaotic_city,
          minmay_swamp_entry_reptiles

Skill      XL: |  1  2  3  4  5  6  7  8  9 10 11 12 13 |
---------------+----------------------------------------+-----
Spellcasting   | 4 5 6 7 8 9 |  9.6
Conjurations   | 2 3 4 5 6 7 8 |  8.7
Dodging        | 2 3 4 5 6 |  6.9
Poison Magic   | 1 2 3 4 5 6 7 |  7.0
Air Magic      | 1 2 3 4 5 |  5.2
Fighting       | 1 3 4 5 6 7 |  7.2
Stealth        | 4 7 8 10 12 14 | 14.7
Evocations     | 1 |  1.8
Earth Magic    | 3 5 6 |  6.6
Long Blades    | 3 |  3.2
Shields        | 2 |  2.9
Summonings     | |  1.0
Necromancy     | |  0.1
Translocations | |  1.2

Action                   |  1- 3 |  4- 6 |  7- 9 | 10-12 | 13-15 || total
-------------------------+-------+-------+-------+-------+-------++-------
Melee: Dagger            |     4 |    32 |       |       |       ||    36
       Short sword       |       |       |   236 |   366 |    58 ||   660
       Punch             |       |       |     6 |     9 |     1 ||    16
       Scimitar          |       |       |       |    35 |     5 ||    40
       Falchion          |       |       |       |    15 |       ||    15
       Constrict         |       |       |       |       |    16 ||    16
 Cast: Magic Dart        |    75 |   140 |    94 |    53 |     7 ||   369
       Mephitic Cloud    |       |    10 |    19 |    66 |    16 ||   111
       Blink             |       |       |     2 |     1 |     1 ||     4
       Cigotuvi's Dreadf |       |       |     1 |     3 |       ||     4
       Stone Arrow       |       |       |       |    59 |    26 ||    85
 Abil: Spit Poison       |     8 |    25 |     8 |    10 |     1 ||    52
Evoke: Wand              |       |       |     5 |     7 |     3 ||    15
  Use: Potion            |       |     2 |       |     2 |       ||     4
       Scroll            |       |       |       |     2 |     1 ||     3
 Stab: Confused          |       |       |    14 |    34 |    14 ||    62
       Sleeping          |       |       |     3 |    11 |       ||    14
       Invisible         |       |       |     1 |     2 |       ||     3
Armor: Robe              |     5 |    21 |    59 |   107 |    26 ||   218
Dodge: Dodged            |    13 |    50 |   149 |   256 |    42 ||   510

Table legend: (Time is in decaauts)
 A = Elapsed time spent in this place.
 B = Non-inter-level travel time spent in this place.
 C = Inter-level travel time spent in this place.
 D = Time resting spent in this place.
 E = Time spent auto-exploring this place.
 F = Levels seen in this place.
 G = Mean time per level.
                   A        B        C        D        E       F      G
               +--------+--------+--------+--------+--------+-----+--------+
         Total |  20667 |  20206 |    461 |   2091 |  14496 |  13 | 1589.8 |
       Dungeon |  13421 |  13032 |    389 |    858 |   9918 |   9 | 1491.2 |
        Temple |     36 |     36 |      0 |      0 |      2 |   1 |   36.0 |
          Lair |   7209 |   7138 |     71 |   1232 |   4575 |   3 | 2403.0 |
               +--------+--------+--------+--------+--------+-----+--------+

Top non-repeatable levels by time:
  Lair:3: 2702 daAuts
  Lair:2: 2358 daAuts
     D:4: 2234 daAuts
  Lair:1: 2148 daAuts
     D:3: 2072 daAuts
     D:8: 2013 daAuts
     D:5: 1795 daAuts
     D:2: 1391 daAuts
     D:7: 1318 daAuts
     D:1: 1301 daAuts
     D:6: 1162 daAuts
     D:9: 132 daAuts
  Temple: 36 daAuts
